 Dungeon Sprint DCSS version 0.22.1-1-ga44c0e5 (webtiles) character file.

283 aMcNicky the Cudgeler (level 6, 35/36 HPs)
             Began as an Octopode Fire Elementalist on Nov 10, 2018.
             Quit the game in the Dungeon (Sprint V: "Ziggurat Sprint").
             The game lasted 00:03:05 (143 turns).

aMcNicky the Cudgeler (Octopode Fire Elementalist)   Turns: 143, Time: 00:03:05

Health: 35/36      AC:  1    Str: 19    XL:     6   Next: 28%
Magic:  12/12      EV: 11    Int: 31    God:
Gold:   0          SH: 29    Dex: 25    Spells: 7/13 levels left

rFire    . . .     SeeInvis .   D - +6 shillelagh "Devastator" {shatter}
rCold    . . .     Gourm    .   C - +18 shield of the Gong {rElec rN+ MR+ EV-5}
rNeg     + . .     Faith    .   (helmet restricted)
rPois    .         Spirit   .   (no amulet)
rElec    +         Reflect  .   S - +6 ring of strength
rCorr    .         Harm     .   s - +6 ring of strength
MR       +....     NoTele   +   i - +6 ring of intelligence
Stlth    ++++......             I - +6 ring of intelligence
HPRegen  0.12/turn              x - +6 ring of dexterity
MPRegen  0.13/turn              X - +6 ring of dexterity
                                (no ring)
                                (no ring)

@: no status effects
A: almost no armour, stealthy swim, amphibious, 8 rings, constrict 8, camouflage
1, gelatinous body 1
a: no special abilities


You were in the Dungeon.
You were not hungry.

You visited 1 branch

Inventory:

Hand Weapons
 B - the +6 Majin-Bo {vamp, Archmagi MP+6 Int+6}
   (You found it in the Dungeon)

   It inflicts no extra harm, but heals its wielder when it wounds a living foe.
   It affects your intelligence (+6).
   It affects your magic capacity (+6).
 D - the +6 shillelagh "Devastator" (weapon) {shatter}
   (You found it in the Dungeon)
Armour
 C - the +18 shield of the Gong (worn) {rElec rN+ MR+ EV-5}
   (You found it in the Dungeon)

   It affects your evasion (-5).
   It insulates you from electricity.
   It protects you from negative energy.
   It affects your resistance to hostile enchantments.
Magical Staves
 w - an uncursed staff of energy
 H - an uncursed staff of cold
Jewellery
 i - a +6 ring of intelligence (on tentacle)
 s - a +6 ring of strength (right tentacle)
 x - a +6 ring of dexterity (on tentacle)
 F - the ring of Shadows {Umbra +Inv Stlth+}
   (You found it in the Dungeon)

   [ring of stealth]

   It lets you turn invisible.
   It makes you more stealthy.
 I - a +6 ring of intelligence (on tentacle)
 J - the ring "Gajuek" {*Slow +Inv rC+ Str+3 Slay+3}
   (You found it in the Dungeon)

   [ring of protection from cold]

   It affects your strength (+3).
   It affects your accuracy and damage with ranged weapons and melee attacks
   (+3).
   It protects you from cold.
   It lets you turn invisible.
   It may slow you when you take damage.
 S - a +6 ring of strength (left tentacle)
 X - a +6 ring of dexterity (on tentacle)
 Z - an uncursed ring of wizardry
Wands
 t - a wand of disintegration (7)
 u - a wand of iceblast (6)
 v - a wand of acid (7)
Scrolls
 h - 4 scrolls of blinking
 n - 4 scrolls of amnesia
 o - 7 scrolls of fog
 p - a scroll of holy word
 q - 5 scrolls of identify {@r1}
 r - 5 scrolls of remove curse {@r2}
 A - 2 scrolls of fear
Potions
 a - 2 potions of brilliance
 c - 10 potions of curing {@q1}
 d - 9 potions of heal wounds {@q2}
 e - 6 potions of haste {@q3}
 f - 7 potions of magic
 g - 3 potions of berserk rage
 j - 4 potions of resistance
 k - a potion of experience
 l - 5 potions of agility
 m - 5 potions of might
 z - 2 potions of invisibility
Miscellaneous
 y - a crystal ball of energy
 G - 2 phantom mirrors
Comestibles
 b - 7 rations {@e1}
 E - 4 chunks of flesh


   Skills:
 + Level 6.4 Maces & Flails
 + Level 5.3 Dodging
 - Level 2.6 Stealth
 + Level 4.8 Shields
 - Level 4.1 Spellcasting
 + Level 4.9 Conjurations
 + Level 5.8 Fire Magic


You had 7 spell levels left.
You knew the following spells:

 Your Spells              Type           Power        Failure   Level  Hunger
a - Flame Tongue          Conj/Fire      #####        2%          1    None
b - Fireball              Conj/Fire      #####.....   54%         5    #####..

Your spell library contained the following spells:

 Spells                   Type           Power        Failure   Level  Hunger
 Throw Flame              Conj/Fire      #####.       3%          2    None
 Conjure Flame            Conj/Fire      #####...     7%          3    ##.....
 Inner Flame              Hex/Fire       ###.....     21%         3    ##.....
 Sticky Flame             Conj/Fire      #####...     24%         4    ####...


Dungeon Overview and Level Annotations

Branches:
Dungeon (1/1)

Altars:
Ashenzari
Cheibriados
Dithmenos
Elyvilon
Fedhas
Gozag
Hepliaklqana
Kikubaaqudgha
Makhleb
Nemelex Xobeh
Okawaru
Qazlal
Ru
Sif Muna
Trog
Uskayaw
Vehumet
Wu Jian
Xom
Yredelemnul
Zin
The Shining One
Beogh
Jiyva
Lugonu

Annotations:
D 1 transporter


Innate Abilities, Weirdness & Mutations

You cannot wear most types of armour.
You are very stealthy in the water. (Stealth+)
You are amphibious.
You can wear up to eight rings at the same time.
You can use your tentacles to constrict eight enemies at once.
Your skin changes colour to match your surroundings (Stealth+).
Your rubbery body absorbs attacks. (AC +1, EV +1)


Message History

You sock the iron imp!
The crimson imp shudders.
You kill the iron imp!
Your Dodging skill increases to level 5!
You have reached level 6!
Your experience leads to an increase in your attributes!
Your base attributes are Str 7, Int 18, Dex 13.
Increase (S)trength, (I)ntelligence, or (D)exterity?
You feel clever.
The crimson imp is almost dead.
You block the crimson imp's attack.
BOUMMMMG!
You barely miss the crimson imp. You grab the crimson imp.
You squeeze the crimson imp, but do no damage.
The crimson imp is almost dead.
You constrict the crimson imp.
You kill the crimson imp!
Z - an uncursed ring of wizardry
J - the ring "Gajuek" {*Slow +Inv rC+ Str+3 Slay+3} You see here a +2 flail of protection.
Are you sure you want to abandon this character and quit the game? (Confirm

▓▓▓▓▓▓▓▓▓▓▓▓▓▓▓▓▓▓▓
▓.8©8.▓.8©8.▓.8©8.▓
▓...:.▓..)..▓.....▓
▓..@..▓.....▓.....▓
▓.....▓.....▓.....▓
▓.....▓.....▓.....▓
▓.....▓.....▓..©..▓
▓..©..▓..©..▓▓▓▓▓▓▓
▓▓▓▓▓▓▓▓▓▓▓▓▓


There were no monsters in sight!

Vanquished Creatures
  A water moccasin (D)
  2 crimson imps (D)
  2 quasits (D)
  An iron imp (D)
  2 white imps (D)
  A ball python (D)
9 creatures vanquished.

Notes
Turn   | Place    | Note
-------+----------+-------------------------------------------
     0 | D        | Found the +6 Majin-Bo {vamp, Archmagi MP+6 Int+6}
     0 | D        | Found the +7 great mace "Firestarter" {inner flame, rF++}
     0 | D        | aMcNicky the Octopode Fire Elementalist began the quest for
                  | the Orb.
     0 | D        | Reached XP level 1. HP: 11/11 MP: 3/3
     0 | D        | Found a deep blue altar of Sif Muna.
     0 | D        | Found a sacrificial altar of Ru.
     0 | D        | Found a bloodstained altar of Trog.
     0 | D        | Found a stormy altar of Qazlal.
     0 | D        | Found an iron altar of Okawaru.
     0 | D        | Found a sparkling altar of Nemelex Xobeh.
     0 | D        | Found a blossoming altar of Fedhas.
     2 | D        | Found a transporter.
     2 | D        | Found an ancient bone altar of Kikubaaqudgha.
     2 | D        | Found a viscous altar of Jiyva.
     2 | D        | Found a corrupted altar of Lugonu.
     2 | D        | Found a hazy altar of Hepliaklqana.
     2 | D        | Found a burning altar of Makhleb.
     2 | D        | Found an opulent altar of Gozag.
    18 | D        | Found the +6 shillelagh "Devastator" {shatter}
    18 | D        | Found the +11 plutonium sword {*Contam Stlth-}
    18 | D        | Found the +8 lance "Wyrmbane" {slay drac, rPois rF+ rC+
                  | AC+3}
    18 | D        | Found the +9 sword of Zonguldrok {reap}
    18 | D        | Found the cursed +13 scythe of Curses {drain, *Curse}
    18 | D        | Found the +0 sword of Power
    18 | D        | Found the +7 mace of Variability {chain chaos}
    18 | D        | Found the +7 Singing Sword
    18 | D        | Found the +7 longbow "Piercer" {penet, EV-2}
    19 | D        | Found the +9 heavy crossbow "Sniper" {velocity, Acc+∞ SInv}
    19 | D        | Found the +10 dark maul {crush}
    19 | D        | Found the +15 Maxwell's patent armour {-Cast -Tele rElec
                  | MR+ rCorr}
    19 | D        | Found the +18 shield of the Gong {rElec rN+ MR+ EV-5}
    19 | D        | Found the cursed +14 obsidian axe {chop, +Fly SInv *Curse}
    65 | D        | Entered arena 2.
    65 | D        | Noticed a water moccasin
    65 | D        | Found a transporter.
    66 | D        | Found the ring of Shadows {Umbra +Inv Stlth+}
    68 | D        | Killed a water moccasin
    68 | D        | Reached skill level 4 in Maces & Flails
    68 | D        | Reached XP level 2. HP: 17/17 MP: 3/6
    68 | D        | Reached XP level 3. HP: 21/21 MP: 4/8
    68 | D        | Reached XP level 4. HP: 27/27 MP: 4/9
    80 | D        | Entered arena 3.
    80 | D        | Found a transporter.
    84 | D        | Reached skill level 5 in Maces & Flails
    84 | D        | Reached XP level 5. HP: 27/31 MP: 5/10
    89 | D        | Reached skill level 5 in Fire Magic
    99 | D        | Learned a level 5 spell: Fireball
   128 | D        | Entered arena 4.
   128 | D        | Found a transporter.
   129 | D        | Reached skill level 6 in Maces & Flails
   134 | D        | Reached skill level 5 in Dodging
   134 | D        | Reached XP level 6. HP: 34/36 MP: 12/12
   141 | D        | Got the ring "Gajuek" {*Slow +Inv rC+ Str+3 Slay+3}
   143 | D        | Quit the game

Skill      XL: |  1  2  3  4  5 |
---------------+----------------+-----
Maces & Flails | 4 5 6 |  6.4
Dodging        | 3 4 5 |  5.3
Shields        | 3 4 |  4.8
Spellcasting   | 3 4 |  4.1
Conjurations   | 3 4 |  4.9
Fire Magic     | 4 5 |  5.8
Stealth        | |  2.6

Action                   |  1- 3 |  4- 6 || total
-------------------------+-------+-------++-------
Melee: Shillelagh        |     2 |    13 ||    15
       Tentacles         |     1 |     2 ||     3
       Constrict         |     1 |     2 ||     3
Evoke: Wand              |       |     1 ||     1
  Use: Potion            |       |     1 ||     1
Armor: Skin              |       |     2 ||     2
Dodge: Dodged            |       |     5 ||     5
Block: Shield            |     3 |    29 ||    32
